 Dungeon Crawl Stone Soup version 0.31-a0-542-gdc2a67831c (webtiles) character file.

Game seed: 4330266720245096959

29 randomguy2701 the Grave Robber (level 3, -4/19 HPs)
             Began as a Deep Elf Necromancer on Aug 14, 2023.
             Slain by a gnoll
             ... wielding a +0 flail
              (8 damage)
             ... on level 2 of the Dungeon.
             The game lasted 00:01:08 (1107 turns).

randomguy2701 the Grave Robber (DENe)               Turns: 1107, Time: 00:01:09

Health: -4/19      AC:  2    Str:  5    XL:     3   Next: 1%
Magic:  7/9        EV: 12    Int: 21    God:
Gold:   46         SH:  0    Dex: 15    Spells: 7/8 levels left

rFire   . . .        (no weapon)
rCold   . . .        (no shield)
rNeg    . . .        a - +0 robe
rPois   .            (no helmet)
rElec   .            (no cloak)
rCorr   .            (no gloves)
SInv    .            (no boots)
Will    .....        (no amulet)
Stlth   ++           (no ring)
HPRegen 0.23/turn    (no ring)
MPRegen 0.11/turn

%: no passive effects
@: no status effects
A: no striking features
a: no special abilities


You were on level 2 of the Dungeon.
You visited 1 branch of the dungeon, and saw 2 of its levels.

You collected 46 gold pieces.

Inventory:

Armour
 a - a +0 robe (worn)
Jewellery
 c - a +4 ring of protection
 d - a ring of flight
Potions
 b - a potion of magic


   Skills:
 + Level 2.6 Dodging
 + Level 2.5 Stealth
 + Level 3.4 Spellcasting
 + Level 5.6 Necromancy


You had 7 spell levels left.
You knew the following spells:

 Your Spells              Type           Power      Damage    Failure   Level
a - Necrotise             Necr           100%       1d9       1%          1

Your spell library contained the following spells:

 Spells                   Type           Power      Damage    Failure   Level
 Vampiric Draining        Necr           27%        2d7       3%          3
 Animate Dead             Necr           27%        N/A       12%         4
 Agony                    Necr           27%        N/A       34%         5


Dungeon Overview and Level Annotations

Branches:
Dungeon (2/15)

Altars:

Shops:
D:1 :*=(


Message History

What level of the Dungeon? (default 1, ? - help)
There is a stone staircase leading down here.
You climb downwards.
Found a gilded ring.
Found an escape hatch in the ceiling.
There is a stone staircase leading up here.
There are monsters nearby!
There are monsters nearby!
There are monsters nearby!
The quokka writhes in agony.
You kill the quokka!
The dead are hopping!
The gnoll shouts! x2; The kobold shouts!
You have reached level 3!
Your experience leads to an increase in your attributes!
Increase (S)trength, (I)ntelligence, or (D)exterity?
You feel clever. x2
Casting: Necrotise (safe; 1% risk of failure)
Confirm with . or Enter, or press ? or * to list all spells.
Aiming: Necrotise (safe; 1% risk of failure)
Press: ? - help, Shift-Dir - straight line, f - gnoll
Aim: a gnoll, wielding a +0 flail and quivering 2 throwing nets (chance to affect: 88%)
Okay, then.
The gnoll throws a throwing net.
The throwing net hits you.
You become entangled in the net!
You stop ascending the stairs.
The gnoll barely misses you.
Your quokka skeleton bites the adder.
Unknown command.
You struggle against the net.
The gnoll barely misses you.
The kobold barely misses your quokka skeleton.
You struggle against the net.
The adder bites you. The gnoll barely misses you.
The gnoll hits you from afar with a +0 spear.
The kobold throws a stone.
The stone hits your quokka skeleton.
You struggle against the net.
The adder barely misses you. The gnoll hits you with a +0 flail!
* * * LOW HITPOINT WARNING * * *
The gnoll hits you from afar with a +0 spear.
* * * LOW HITPOINT WARNING * * *
Your quokka skeleton completely misses the adder.
You rip the net and break free!
The adder bites you but does no damage. The gnoll hits you with a +0 flail!
You die...

.#########
#...<....#
#........#
#........#
#........#
#...=..g.#
#.....gg.#
#...KZS@g#
#........#
#####.####
... ..#
.... .#. #


You could see 4 gnolls, an adder (ally target), a kobold and a friendly quokka
skeleton.

Vanquished Creatures
  3 ball pythons (D:1)
  2 bats (D:1)
  An endoplasm (D:1)
  2 giant cockroaches (D:1)
  4 goblins (D:1)
  2 hobgoblins (D:1)
  2 quokkas
  5 frilled lizards (D:1)
  2 kobolds (D:1)
  5 rats (D:1)
28 creatures vanquished.

Notes
Turn   | Place    | Note
-------+----------+-------------------------------------------
     0 | D:1      | randomguy2701 the Deep Elf Necromancer began the quest for
                  | the Orb.
     0 | D:1      | Reached XP level 1. HP: 10/10 MP: 6/6
    25 | D:1      | Found Jonlat's General Store.
    75 | D:1      | Reached skill level 5 in Necromancy
   188 | D:1      | Found Ulosotuof's Book Boutique.
   217 | D:1      | Reached XP level 2. HP: 15/15 MP: 6/8
   657 | D:1      | Found a faded altar of an unknown god.
   793 | D:1      | Found Celuochi's Antique Weapon Emporium.
   853 | D:1      | Found Varen's Jewellery Boutique.
  1103 | D:2      | Reached XP level 3. HP: 19/19 MP: 7/9
  1107 | D:2      | Slain by a gnoll

Illustrated notes

Levels and vault maps discovered:
D:1:      dpeg_arrival_tiny_c, layout_loops_ring, serial_shops,
          nicolae_shop_just_a_little_nook, shop_statue,
          nicolae_shop_tiny_statue_garden, nicolae_shop_tiny_real_fake_doors,
          ebering_ecumenical_altar_petrified, minmay_shallow_snake_nest
D:2:      layout_basic

Skill      XL: |  1 |
---------------+----+-----
Necromancy     | 5 |  5.6
Dodging        | |  2.6
Stealth        | |  2.5
Spellcasting   | |  3.4

Action                     || total
---------------------------++-------
  Melee: Unarmed           ||     1
   Cast: Necrotise         ||    41
 Armour: Robe              ||     2
  Dodge: Dodged            ||     9

Table legend: (Time is in decaauts)
 A = Elapsed time spent in this place.
 B = Non-inter-level travel time spent in this place.
 C = Inter-level travel time spent in this place.
 D = Time resting spent in this place.
 E = Time spent auto-exploring this place.
 F = Levels seen in this place.
 G = Mean time per level.
                   A        B        C        D        E       F      G
               +--------+--------+--------+--------+--------+-----+--------+
         Total |   1106 |   1080 |     26 |      0 |    964 |   2 |  553.0 |
       Dungeon |   1106 |   1080 |     26 |      0 |    964 |   2 |  553.0 |
               +--------+--------+--------+--------+--------+-----+--------+

Top non-repeatable levels by time:
     D:1: 1101 daAuts
     D:2: 5 daAuts
